 Dungeon Crawl Stone Soup version 0.18.1-48-g4cf74bf (webtiles) character file.

128 poirepourri the Skirmisher (level 4, -3/41 HPs)
             Began as a Minotaur Fighter on July 12, 2016.
             Slain by an ogre
             ... wielding a +0 giant spiked club
              (9 damage)
             ... on level 4 of the Dungeon.
             The game lasted 00:02:45 (2605 turns).

poirepourri the Skirmisher (Minotaur Fighter)       Turns: 2605, Time: 00:02:46

Health: -3/41      AC:  6    Str: 21    XL:     4   Next: 86%
Magic:  3/3        EV:  8    Int:  5    God:
Gold:   82         SH: 10    Dex: 10    Spells: 0 memorised, 3 levels left

rFire  . . .     SeeInvis .     a - +0 war axe
rCold  . . .     Gourm    .     b - +0 scale mail
rNeg   . . .     Faith    .     c - +1 shield
rPois  .         Spirit   .     (helmet restricted)
rElec  .         Dismiss  .     (no cloak)
rCorr  .         Reflect  .     (no gloves)
SustAt .         Harm     .     (no boots)
MR     .....                    (no amulet)
Stlth  ..........               (no ring)
                                (no ring)

@: not resistant to hostile enchantments, extremely unstealthy
A: retaliatory headbutt, horns 2
a: no special abilities


You were on level 4 of the Dungeon.
You were not hungry.

You visited 1 branch of the dungeon, and saw 4 of its levels.

You collected 82 gold pieces.

Inventory:

Hand Weapons
 a - a +0 war axe (weapon)
Missiles
 n - 7 tomahawks (quivered)
 r - 22 bolts
Armour
 b - a +0 scale mail (worn)
 c - a +1 shield (worn)
Jewellery
 i - a +3 ring of intelligence {unknown}
 j - an uncursed ring of poison resistance {unknown}
Scrolls
 e - 2 scrolls of remove curse
 h - a scroll of fog {unknown}
 m - 2 scrolls of random uselessness {unknown}
 p - a scroll of blinking {unknown}
 s - a scroll of teleportation
 u - a scroll of magic mapping {unknown}
Potions
 d - 3 potions of might
 f - a potion of mutation {unknown}
 g - a potion of haste
 k - a potion of ambrosia {unknown}
 l - 3 potions of curing {unknown}
 t - a potion of magic {unknown}
Comestibles
 o - 2 meat rations
 q - 4 bread rations


   Skills:
 + Level 4.7 Fighting
 + Level 4.3 Axes
 - Level 3.6 Armour
 - Level 2.5 Dodging
 - Level 3.6 Shields


You had 3 spell levels left.
You didn't know any spells.

Dungeon Overview and Level Annotations

Branches:
Dungeon (4/15)
 Temple: D:4-7

Altars:
Cheibriados
Dithmenos
Kikubaaqudgha
Okawaru
Vehumet
Xom


Innate Abilities, Weirdness & Mutations

You reflexively headbutt those who attack you in melee.
You have a pair of horns on your head.


Message History

Where to? (Enter - D:3, ? - help)
There is a stone staircase leading down here.
You climb downwards.
An ogre comes into view. It is wielding a giant spiked club.
The ogre shouts!
Found 3 gold pieces and a spear.
There is a stone staircase leading up here.
The ogre hits you with a giant spiked club!
You slash the ogre!
The ogre is heavily wounded.
The ogre hits you with a giant spiked club!
Your shield and scale mail prevent you from hitting the ogre.
You headbutt the ogre, but do no damage.
The ogre is heavily wounded.
The ogre hits you with a giant spiked club!
* * * LOW HITPOINT WARNING * * *
You slash the ogre!
The ogre is almost dead.
The ogre hits you with a giant spiked club!
You die...

....... ..
....... #.#
....... #..
..)....##..
..........#
##.......#
.#..#.....#
........<#
....#.$@.#
. #..O.#
#....#
#..##. ...
.# ..#. ##
#.##. .. ..


You could see an ogre.

Vanquished Creatures
  Jessica (D:2)
  5 adders
  2 worms
  2 dart slugs
  An orc (D:3)
  4 goblins
  4 hobgoblins
  A quokka (D:2)
  A ball python (D:1)
  11 bats
  4 giant newts
  7 kobolds
  13 rats
56 creatures vanquished.

Notes
Turn   | Place    | Note
--------------------------------------------------------------
     0 | D:1      | poirepourri the Minotaur Fighter began the quest for the Orb.
     0 | D:1      | Reached XP level 1. HP: 19/19 MP: 0/0
   216 | D:1      | Reached XP level 2. HP: 26/27 MP: 1/1
   721 | D:2      | Reached skill level 1 in Dodging
   721 | D:2      | Reached XP level 3. HP: 9/33 MP: 2/2
  1101 | D:2      | Noticed Jessica
  1107 | D:2      | Killed Jessica
  1645 | D:2      | Found an iron altar of Okawaru.
  1645 | D:2      | Found a radiant altar of Vehumet.
  1663 | D:2      | Reached XP level 4. HP: 40/41 MP: 3/3
  1893 | D:2      | Found a snail-covered altar of Cheibriados.
  1893 | D:2      | Found an ancient bone altar of Kikubaaqudgha.
  1895 | D:2      | Found a shimmering altar of Xom.
  1895 | D:2      | Found a shadowy altar of Dithmenos.
  2600 | D:4      | Noticed an ogre
  2605 | D:4      | Slain by an ogre

Skill      XL: |  1  2  3  4 |
---------------+-------------+-----
Fighting       | 4 |  4.7
Axes           | 3 4 |  4.3
Dodging        | 1 2 |  2.5
Armour         | |  3.6
Shields        | |  3.6

Action                   |  1- 3 |  4- 6 || total
-------------------------+-------+-------++-------
Melee: War axe           |    96 |    54 ||   150
       Headbutt          |    10 |    11 ||    21
  Use: Scroll            |     6 |       ||     6
  Eat: Bread ration      |     1 |       ||     1
       Meat ration       |       |     1 ||     1
Armor: Scale mail        |    59 |    28 ||    87
Dodge: Dodged            |    43 |    23 ||    66
Block: Shield            |    54 |    55 ||   109
